[ AOE2 MATCH · #482534716 ]
Team RMPoles vs Teutons
[ REPLAY ANALYSIS · EXTRACTED FROM THE RECORDED GAME ]
Feudal
12:43
Castle
22:51
Imperial
33:25
| APM avg | 10.1 |
| APM peak | 34 |
| eAPM avg | 8.0 |
| Villagers / military | 72 / 16 |
Focus
⚔️ 21.4% · 🌾 78.6%
Scout Cavalry ×16
Feudal
9:35
Castle
21:40
Imperial
—
| APM avg | 9.1 |
| APM peak | 22 |
| eAPM avg | 8.0 |
| Villagers / military | 69 / 25 |
Focus
⚔️ 20.5% · 🌾 79.5%
Spearman ×10 · Scout Cavalry ×9 · Trade Cart ×8 · Skirmisher ×4 · Monk ×2
Feudal
12:52
Castle
20:20
Imperial
30:17
| APM avg | 13.3 |
| APM peak | 27 |
| eAPM avg | 10.3 |
| Villagers / military | 95 / 44 |
Focus
⚔️ 19.1% · 🌾 80.9%
Spearman ×22 · Ballista Elephant ×15 · Battle Elephant ×3 · Monk ×2 · Trebuchet (Packed) ×2
Feudal
12:38
Castle
16:08
Imperial
32:01
| APM avg | 15.8 |
| APM peak | 35 |
| eAPM avg | 12.2 |
| Villagers / military | 146 / 48 |
Focus
⚔️ 19.2% · 🌾 80.8%
Ballista Elephant ×45 · Trebuchet (Packed) ×3
Feudal
13:23
Castle
21:48
Imperial
29:29
| APM avg | 21.6 |
| APM peak | 43 |
| eAPM avg | 12.3 |
| Villagers / military | 90 / 34 |
Focus
⚔️ 12.5% · 🌾 87.5%
Spearman ×16 · Conquistador ×16 · Trebuchet (Packed) ×2
Feudal
12:18
Castle
20:23
Imperial
33:28
| APM avg | 9.4 |
| APM peak | 26 |
| eAPM avg | 7.2 |
| Villagers / military | 73 / 22 |
Focus
⚔️ 14.5% · 🌾 85.5%
Trade Cart ×22 · Knight ×20 · Trebuchet (Packed) ×2
Feudal
13:47
Castle
25:50
Imperial
—
| APM avg | 9.1 |
| APM peak | 43 |
| eAPM avg | 6.2 |
| Villagers / military | 70 / 32 |
Focus
⚔️ 19.0% · 🌾 81.0%
Spearman ×32
Feudal
10:20
Castle
18:50
Imperial
30:50
| APM avg | 20.1 |
| APM peak | 46 |
| eAPM avg | 15.1 |
| Villagers / military | 125 / 46 |
Focus
⚔️ 13.4% · 🌾 86.6%
Spearman ×24 · Longbowman ×22
Match map
Initial resources + every placement click. Lines = walls · curves = elevation contours. ◆ gold · ⬟ stone · ● berries · ✦ relic · ◌ wall gap
Your base· ✓ Closed at 22:51 · 12t walls · no gate
iqHackSaw's base· ✓ Closed at 21:40 · 0t walls · 1 gate(s)
zw701's base· ✓ Closed at 20:20 · 1t walls · 1 gate(s)
ExxTACSY's base· ✓ Closed at 16:08 · 18t walls · 2 gate(s)
kakashi's base· ✓ Closed at 21:48 · 14t walls · 1 gate(s)
yuanda_sun's base· ✓ Closed at 20:23 · 14t walls · 1 gate(s)
HungryStarLord's base· ✓ Closed at 25:50 · 76t walls · 2 gate(s)
Mikail the terrible's base· Open — 1t gap
Smoothed initial terrain · ◌ = detected wall gap · hover for details
Inputs per minute
— Lukrat - - iqHackSaw
Build order — Lukrat
First 150 of 182 actions detected
| 0:06 | Build | House |
| 0:08 | Build | House |
| 0:11 | Build | House |
| 0:13 | Create | Villager (Male) |
| 0:13 | Create | Villager (Male) |
| 0:13 | Create | Villager (Male) |
| 0:14 | Create | Villager (Male) |
| 0:14 | Create | Villager (Male) |
| 0:15 | Research | Loom |
| 0:42 | Build | House |
| 2:27 | Create | Villager (Male) |
| 2:42 | Create | Villager (Male) |
| 3:09 | Create | Villager (Male) |
| 3:48 | Create | Villager (Male) |
| 4:15 | Create | Villager (Male) |
| 4:15 | Create | Villager (Male) |
| 4:15 | Create | Villager (Male) |
| 4:16 | Create | Villager (Male) |
| 6:16 | Build | Mill |
| 6:43 | Build | Mill |
| 6:47 | Create | Villager (Male) |
| 6:48 | Create | Villager (Male) |
| 6:48 | Create | Villager (Male) |
| 6:48 | Create | Villager (Male) |
| 6:49 | Create | Villager (Male) |
| 6:49 | Create | Villager (Male) |
| 9:00 | Create | Villager (Male) |
| 9:00 | Create | Villager (Male) |
| 9:00 | Create | Villager (Male) |
| 9:35 | Build | Lumber Camp |
| 9:49 | Build | Mining Camp |
| 10:16 | Build | Mining Camp |
| 10:22 | Research | Feudal Age |
| 10:49 | Build | Barracks |
| 11:40 | Build | House |
| 11:43 | Build | House |
| 11:48 | Build | House |
| 12:43 | Age | Feudal Age |
| 12:43 | Research | Wheelbarrow |
| 12:44 | Research | Wheelbarrow |
| 12:47 | Research | Double-Bit Axe |
| 12:56 | Research | Gold Mining |
| 13:20 | Research | Stone Mining |
| 13:30 | Build | Archery Range |
| 13:51 | Create | Villager (Male) |
| 14:08 | Build | Farm |
| 14:09 | Build | Farm |
| 14:11 | Build | Farm |
| 14:12 | Build | Farm |
| 14:21 | Create | Villager (Male) |
| 14:21 | Create | Villager (Male) |
| 14:34 | Build | House |
| 14:43 | Build | Farm |
| 15:08 | Build | Farm |
| 15:31 | Build | Farm |
| 15:34 | Create | Villager (Male) |
| 15:34 | Create | Villager (Male) |
| 15:35 | Create | Villager (Male) |
| 15:35 | Create | Villager (Male) |
| 15:40 | Research | Horse Collar |
| 15:42 | Create | Villager (Male) |
| 15:49 | Build | House |
| 16:03 | Build | Gate |
| 16:13 | Build | Stable |
| 16:35 | Build | Mill |
| 16:56 | Create | Villager (Male) |
| 16:56 | Create | Villager (Male) |
| 16:57 | Create | Villager (Male) |
| 16:57 | Create | Villager (Male) |
| 16:57 | Create | Villager (Male) |
| 16:57 | Create | Villager (Male) |
| 17:37 | Build | Farm |
| 18:09 | Build | Stone Wall |
| 19:02 | Create | Villager (Male) |
| 19:18 | Build | Farm |
| 19:26 | Build | Farm |
| 19:33 | Build | Farm |
| 19:43 | Build | Farm |
| 20:12 | Research | Castle Age |
| 20:34 | Build | Farm |
| 20:50 | Build | Blacksmith |
| 21:16 | Build | House |
| 21:20 | Build | House |
| 21:23 | Build | House |
| 21:41 | Build | Farm |
| 21:59 | Research | Bloodlines |
| 22:04 | Create | Scout Cavalry |
| 22:04 | Create | Scout Cavalry |
| 22:04 | Create | Scout Cavalry |
| 22:05 | Create | Scout Cavalry |
| 22:05 | Create | Scout Cavalry |
| 22:05 | Create | Scout Cavalry |
| 22:36 | Build | Mining Camp |
| 22:51 | Age | Castle Age |
| 22:53 | Research | Hand Cart |
| 22:53 | Research | Hand Cart |
| 22:57 | Research | Heavy Plow |
| 23:13 | Create | Villager (Male) |
| 23:28 | Research | Bow Saw |
| 23:40 | Build | Siege Workshop |
| 23:51 | Create | Villager (Male) |
| 23:52 | Create | Villager (Male) |
| 24:24 | Build | Farm |
| 24:37 | Build | University |
| 24:47 | Research | Husbandry |
| 24:49 | Research | Light Cavalry (upgrade) |
| 24:52 | Research | Scale Barding Armor |
| 25:07 | Build | Farm |
| 25:17 | Build | Farm |
| 25:19 | Create | Villager (Male) |
| 25:19 | Create | Villager (Male) |
| 25:19 | Create | Villager (Male) |
| 25:20 | Create | Villager (Male) |
| 25:20 | Create | Villager (Male) |
| 25:47 | Build | Mill |
| 25:57 | Build | Farm |
| 26:09 | Build | Monastery |
| 26:13 | Research | Treadmill Crane |
| 26:14 | Research | Murder Holes |
| 26:15 | Research | Masonry |
| 26:16 | Research | Ballistics |
| 26:42 | Build | Farm |
| 26:49 | Build | Farm |
| 27:21 | Build | Lumber Camp |
| 27:31 | Build | Town Center |
| 27:55 | Research | Chain Barding Armor |
| 27:57 | Research | Forging |
| 28:05 | Create | Villager (Male) |
| 28:05 | Create | Villager (Male) |
| 28:06 | Create | Villager (Male) |
| 28:06 | Create | Villager (Male) |
| 28:23 | Build | House |
| 28:30 | Build | House |
| 28:44 | Create | Villager (Male) |
| 28:46 | Create | Villager (Male) |
| 29:00 | Create | Villager (Male) |
| 29:01 | Create | Villager (Male) |
| 29:01 | Create | Villager (Male) |
| 29:06 | Build | House |
| 29:11 | Build | House |
| 29:13 | Build | Farm |
| 29:51 | Build | House |
| 30:06 | Research | Imperial Age |
| 30:31 | Build | Stable |
| 30:34 | Build | Stable |
| 30:35 | Build | Stable |
| 30:38 | Build | Stable |
| 31:07 | Research | Town Watch |
| 31:11 | Research | Iron Casting |
| 31:14 | Research | Fortified Wall (upgrade) |
Build order — iqHackSaw
First 150 of 201 actions detected
| 0:04 | Create | Villager (Male) |
| 0:04 | Create | Villager (Male) |
| 0:04 | Create | Villager (Male) |
| 0:05 | Create | Villager (Male) |
| 0:05 | Create | Villager (Male) |
| 0:06 | Research | Loom |
| 0:06 | Research | Loom |
| 0:09 | Build | House |
| 0:11 | Build | House |
| 1:10 | Build | Mill |
| 2:05 | Create | Villager (Male) |
| 2:05 | Create | Villager (Male) |
| 2:39 | Create | Villager (Male) |
| 2:39 | Create | Villager (Male) |
| 2:58 | Create | Villager (Male) |
| 3:00 | Create | Villager (Male) |
| 3:30 | Create | Villager (Male) |
| 4:05 | Create | Villager (Male) |
| 4:07 | Create | Villager (Male) |
| 4:15 | Create | Villager (Male) |
| 4:25 | Build | House |
| 6:17 | Create | Villager (Male) |
| 6:19 | Create | Villager (Male) |
| 6:38 | Build | Lumber Camp |
| 7:25 | Research | Feudal Age |
| 8:30 | Build | House |
| 8:34 | Build | House |
| 8:39 | Build | House |
| 9:31 | Create | Villager (Male) |
| 9:32 | Create | Villager (Male) |
| 9:32 | Create | Villager (Male) |
| 9:34 | Create | Villager (Male) |
| 9:35 | Age | Feudal Age |
| 9:36 | Create | Villager (Male) |
| 9:56 | Build | Gate |
| 10:06 | Build | Barracks |
| 10:13 | Build | House |
| 10:15 | Build | House |
| 10:28 | Research | Double-Bit Axe |
| 10:36 | Build | Mining Camp |
| 10:38 | Create | Villager (Male) |
| 10:39 | Create | Villager (Male) |
| 10:58 | Build | Mining Camp |
| 11:30 | Create | Villager (Male) |
| 11:35 | Create | Villager (Male) |
| 12:06 | Build | Market |
| 12:20 | Build | Lumber Camp |
| 13:16 | Build | Farm |
| 13:19 | Create | Villager (Male) |
| 13:21 | Create | Villager (Male) |
| 13:24 | Build | Farm |
| 13:35 | Build | House |
| 13:36 | Build | House |
| 13:49 | Build | Farm |
| 14:25 | Build | Stable |
| 14:52 | Build | Mill |
| 15:16 | Research | Wheelbarrow |
| 15:27 | Create | Villager (Male) |
| 15:56 | Build | Blacksmith |
| 16:29 | Build | Mill |
| 16:52 | Build | Archery Range |
| 17:08 | Create | Villager (Male) |
| 17:10 | Create | Villager (Male) |
| 17:51 | Build | Barracks |
| 17:56 | Build | Mining Camp |
| 18:07 | Build | Farm |
| 18:09 | Create | Villager (Male) |
| 19:00 | Research | Castle Age |
| 19:03 | Create | Villager (Male) |
| 19:27 | Create | Spearman |
| 19:28 | Create | Spearman |
| 19:48 | Build | Farm |
| 19:49 | Build | Farm |
| 19:52 | Build | Farm |
| 19:54 | Build | Farm |
| 20:41 | Build | Farm |
| 20:50 | Create | Villager (Male) |
| 20:51 | Create | Villager (Male) |
| 20:51 | Create | Villager (Male) |
| 20:52 | Create | Villager (Male) |
| 20:53 | Create | Villager (Male) |
| 21:09 | Create | Skirmisher |
| 21:09 | Create | Skirmisher |
| 21:13 | Create | Spearman |
| 21:13 | Create | Spearman |
| 21:15 | Create | Skirmisher |
| 21:16 | Create | Skirmisher |
| 21:18 | Create | Scout Cavalry |
| 21:18 | Create | Scout Cavalry |
| 21:40 | Age | Castle Age |
| 21:46 | Create | Trade Cart |
| 22:00 | Build | Town Center |
| 22:16 | Build | Lumber Camp |
| 22:45 | Build | Monastery |
| 23:09 | Build | Farm |
| 23:27 | Create | Villager (Male) |
| 23:28 | Create | Villager (Male) |
| 23:32 | Create | Monk |
| 23:32 | Create | Monk |
| 24:07 | Research | Man-at-Arms (upgrade) |
| 24:28 | Research | Squires |
| 24:59 | Create | Villager (Male) |
| 24:59 | Create | Villager (Male) |
| 24:59 | Create | Villager (Male) |
| 24:59 | Create | Villager (Male) |
| 25:00 | Create | Villager (Male) |
| 25:01 | Research | Hand Cart |
| 25:02 | Create | Villager (Male) |
| 25:02 | Create | Villager (Male) |
| 25:03 | Create | Villager (Male) |
| 25:03 | Create | Villager (Male) |
| 25:12 | Build | Farm |
| 25:34 | Build | Farm |
| 25:39 | Create | Villager (Male) |
| 25:39 | Create | Villager (Male) |
| 25:50 | Create | Trade Cart |
| 25:50 | Create | Trade Cart |
| 25:54 | Build | Farm |
| 26:01 | Build | Farm |
| 26:30 | Build | Town Center |
| 26:49 | Build | Market |
| 27:04 | Build | House |
| 27:05 | Build | House |
| 27:07 | Build | House |
| 27:14 | Build | House |
| 27:16 | Build | House |
| 27:18 | Build | House |
| 27:20 | Build | House |
| 27:21 | Build | House |
| 27:22 | Build | House |
| 27:28 | Build | Farm |
| 27:30 | Build | Farm |
| 27:59 | Build | Farm |
| 28:03 | Create | Villager (Male) |
| 28:03 | Create | Villager (Male) |
| 28:03 | Create | Villager (Male) |
| 28:06 | Create | Villager (Male) |
| 28:06 | Create | Villager (Male) |
| 28:15 | Build | Lumber Camp |
| 28:23 | Build | Farm |
| 28:49 | Research | Fervor |
| 29:06 | Build | Castle |
| 29:29 | Build | University |
| 29:34 | Build | Farm |
| 29:35 | Research | Horse Collar |
| 29:40 | Create | Villager (Male) |
| 29:40 | Create | Villager (Male) |
| 29:44 | Create | Villager (Male) |
| 29:44 | Create | Villager (Male) |
| 29:45 | Create | Villager (Male) |
Build order — zw701
First 150 of 239 actions detected
| 0:12 | Create | Villager (Male) |
| 0:12 | Research | Loom |
| 0:44 | Build | House |
| 1:06 | Create | Villager (Male) |
| 1:06 | Create | Villager (Male) |
| 1:06 | Create | Villager (Male) |
| 1:07 | Create | Villager (Male) |
| 2:00 | Build | House |
| 2:40 | Build | House |
| 2:51 | Build | House |
| 2:57 | Build | House |
| 3:02 | Build | House |
| 3:06 | Create | Villager (Male) |
| 3:06 | Create | Villager (Male) |
| 3:27 | Build | House |
| 3:40 | Create | Villager (Male) |
| 3:41 | Create | Villager (Male) |
| 3:41 | Create | Villager (Male) |
| 3:58 | Create | Villager (Male) |
| 3:58 | Create | Villager (Male) |
| 4:39 | Build | Palisade Wall |
| 4:52 | Build | Palisade Gate |
| 4:57 | Create | Villager (Male) |
| 4:57 | Create | Villager (Male) |
| 4:58 | Create | Villager (Male) |
| 4:58 | Create | Villager (Male) |
| 5:05 | Build | Mill |
| 5:25 | Create | Villager (Male) |
| 5:25 | Create | Villager (Male) |
| 6:03 | Build | Lumber Camp |
| 6:07 | Create | Villager (Male) |
| 6:07 | Create | Villager (Male) |
| 6:08 | Create | Villager (Male) |
| 6:39 | Create | Villager (Male) |
| 6:39 | Create | Villager (Male) |
| 6:40 | Create | Villager (Male) |
| 6:40 | Create | Villager (Male) |
| 7:29 | Create | Villager (Male) |
| 7:29 | Create | Villager (Male) |
| 7:30 | Create | Villager (Male) |
| 8:14 | Create | Villager (Male) |
| 8:37 | Create | Villager (Male) |
| 8:38 | Create | Villager (Male) |
| 8:46 | Build | Mining Camp |
| 10:42 | Research | Feudal Age |
| 12:51 | Create | Villager (Male) |
| 12:51 | Create | Villager (Male) |
| 12:52 | Age | Feudal Age |
| 13:12 | Build | Market |
| 13:20 | Build | Blacksmith |
| 13:32 | Build | Barracks |
| 13:36 | Create | Villager (Male) |
| 13:36 | Create | Villager (Male) |
| 14:11 | Create | Villager (Male) |
| 14:11 | Create | Villager (Male) |
| 15:01 | Build | Farm |
| 15:02 | Build | Farm |
| 15:03 | Build | Farm |
| 15:05 | Build | Farm |
| 15:06 | Build | Farm |
| 15:08 | Build | Farm |
| 15:09 | Build | Farm |
| 15:31 | Create | Villager (Male) |
| 15:31 | Create | Villager (Male) |
| 15:59 | Build | Stable |
| 16:13 | Create | Spearman |
| 16:14 | Create | Spearman |
| 16:26 | Build | Farm |
| 17:04 | Create | Spearman |
| 17:23 | Build | Farm |
| 17:25 | Build | Farm |
| 17:29 | Build | Farm |
| 17:31 | Build | Farm |
| 17:40 | Research | Castle Age |
| 17:48 | Build | Farm |
| 18:28 | Research | Double-Bit Axe |
| 18:30 | Research | Horse Collar |
| 18:57 | Build | House |
| 18:57 | Build | House |
| 18:59 | Build | House |
| 19:00 | Build | House |
| 19:00 | Build | House |
| 19:01 | Build | House |
| 19:01 | Build | House |
| 19:18 | Research | Stone Mining |
| 19:37 | Create | Villager (Male) |
| 19:37 | Create | Villager (Male) |
| 20:20 | Age | Castle Age |
| 20:21 | Create | Villager (Male) |
| 20:21 | Create | Villager (Male) |
| 20:42 | Build | Castle |
| 20:49 | Create | Villager (Male) |
| 20:49 | Create | Villager (Male) |
| 21:03 | Build | Monastery |
| 21:18 | Create | Villager (Male) |
| 21:19 | Create | Villager (Male) |
| 21:57 | Build | Town Center |
| 22:02 | Create | Villager (Male) |
| 22:03 | Create | Villager (Male) |
| 22:28 | Create | Monk |
| 22:55 | Build | Town Center |
| 23:24 | Build | Mill |
| 23:35 | Create | Villager (Male) |
| 23:35 | Create | Villager (Male) |
| 23:52 | Build | Farm |
| 23:53 | Build | Farm |
| 23:55 | Build | Farm |
| 23:57 | Build | Farm |
| 23:59 | Build | Farm |
| 24:01 | Build | Farm |
| 24:03 | Build | Farm |
| 24:04 | Create | Villager (Male) |
| 24:04 | Create | Villager (Male) |
| 24:32 | Build | Farm |
| 24:33 | Build | Farm |
| 24:35 | Build | Farm |
| 24:36 | Build | Farm |
| 24:39 | Create | Villager (Male) |
| 24:39 | Create | Villager (Male) |
| 24:43 | Create | Villager (Male) |
| 24:44 | Create | Villager (Male) |
| 24:56 | Create | Villager (Male) |
| 25:12 | Research | Heavy Plow |
| 25:25 | Build | Farm |
| 25:27 | Build | Farm |
| 25:33 | Create | Villager (Male) |
| 25:36 | Create | Villager (Male) |
| 25:40 | Build | Farm |
| 25:40 | Build | Farm |
| 25:42 | Build | Farm |
| 25:53 | Create | Villager (Male) |
| 25:54 | Create | Villager (Male) |
| 26:29 | Build | Farm |
| 26:31 | Build | Farm |
| 26:35 | Create | Villager (Male) |
| 27:07 | Research | Imperial Age |
| 27:10 | Create | Villager (Male) |
| 27:10 | Create | Villager (Male) |
| 27:10 | Create | Villager (Male) |
| 27:15 | Create | Villager (Male) |
| 27:15 | Create | Villager (Male) |
| 27:16 | Create | Villager (Male) |
| 27:43 | Build | Siege Workshop |
| 27:46 | Build | Siege Workshop |
| 27:53 | Create | Battle Elephant |
| 27:56 | Create | Ballista Elephant |
| 27:56 | Create | Ballista Elephant |
| 27:57 | Create | Ballista Elephant |
| 28:05 | Create | Spearman |
| 28:06 | Create | Spearman |
Build order — ExxTACSY
First 150 of 334 actions detected
| 0:07 | Build | House |
| 0:09 | Build | House |
| 0:09 | Create | Villager (Male) |
| 0:10 | Create | Villager (Male) |
| 0:10 | Create | Villager (Male) |
| 0:10 | Create | Villager (Male) |
| 0:10 | Create | Villager (Male) |
| 0:18 | Research | Loom |
| 1:42 | Create | Villager (Male) |
| 1:42 | Create | Villager (Male) |
| 2:07 | Create | Villager (Male) |
| 2:08 | Create | Villager (Male) |
| 2:47 | Create | Villager (Male) |
| 2:48 | Create | Villager (Male) |
| 2:51 | Build | Lumber Camp |
| 2:54 | Create | Villager (Male) |
| 2:54 | Create | Villager (Male) |
| 3:07 | Create | Villager (Male) |
| 3:07 | Create | Villager (Male) |
| 3:48 | Create | Villager (Male) |
| 3:48 | Create | Villager (Male) |
| 3:48 | Create | Villager (Male) |
| 4:05 | Build | House |
| 4:07 | Build | House |
| 4:40 | Create | Villager (Male) |
| 4:40 | Create | Villager (Male) |
| 4:40 | Create | Villager (Male) |
| 5:16 | Build | House |
| 5:29 | Build | Palisade Gate |
| 5:38 | Build | Palisade Wall |
| 5:51 | Create | Villager (Male) |
| 5:52 | Create | Villager (Male) |
| 5:52 | Create | Villager (Male) |
| 5:52 | Create | Villager (Male) |
| 5:59 | Build | Mill |
| 6:43 | Create | Villager (Male) |
| 6:43 | Create | Villager (Male) |
| 6:43 | Create | Villager (Male) |
| 6:54 | Build | Mining Camp |
| 7:58 | Create | Villager (Male) |
| 8:30 | Create | Villager (Male) |
| 8:30 | Create | Villager (Male) |
| 8:31 | Create | Villager (Male) |
| 9:37 | Build | Farm |
| 9:41 | Build | Farm |
| 10:03 | Create | Villager (Male) |
| 10:20 | Build | House |
| 10:28 | Research | Feudal Age |
| 10:31 | Create | Villager (Male) |
| 10:31 | Create | Villager (Male) |
| 11:45 | Build | Mining Camp |
| 12:33 | Build | Farm |
| 12:38 | Age | Feudal Age |
| 12:43 | Build | Market |
| 13:00 | Build | Blacksmith |
| 13:28 | Research | Castle Age |
| 13:57 | Research | Double-Bit Axe |
| 14:01 | Build | Farm |
| 14:05 | Build | Farm |
| 14:34 | Build | Stone Wall |
| 14:51 | Build | Gate |
| 15:01 | Research | Stone Mining |
| 15:05 | Research | Horse Collar |
| 15:31 | Create | Villager (Male) |
| 16:08 | Age | Castle Age |
| 16:21 | Build | Town Center |
| 16:31 | Build | Town Center |
| 16:37 | Research | Wheelbarrow |
| 17:36 | Create | Villager (Male) |
| 17:54 | Build | Farm |
| 17:58 | Build | Farm |
| 18:05 | Build | Farm |
| 18:08 | Create | Villager (Male) |
| 18:08 | Create | Villager (Male) |
| 18:08 | Create | Villager (Male) |
| 18:20 | Build | Lumber Camp |
| 18:36 | Build | Stone Wall |
| 18:42 | Create | Villager (Male) |
| 18:42 | Create | Villager (Male) |
| 18:43 | Create | Villager (Male) |
| 18:43 | Create | Villager (Male) |
| 18:47 | Build | Farm |
| 19:06 | Build | Farm |
| 19:17 | Create | Villager (Male) |
| 19:17 | Create | Villager (Male) |
| 19:24 | Build | Farm |
| 19:41 | Build | Castle |
| 19:45 | Build | Mining Camp |
| 19:53 | Create | Villager (Male) |
| 19:53 | Create | Villager (Male) |
| 19:53 | Create | Villager (Male) |
| 19:53 | Create | Villager (Male) |
| 19:54 | Create | Villager (Male) |
| 19:59 | Build | Farm |
| 20:02 | Build | Farm |
| 20:05 | Create | Villager (Male) |
| 20:05 | Create | Villager (Male) |
| 20:27 | Build | Farm |
| 20:28 | Build | Farm |
| 20:36 | Research | Bow Saw |
| 20:50 | Build | Farm |
| 20:55 | Build | Farm |
| 20:59 | Create | Villager (Male) |
| 21:00 | Create | Villager (Male) |
| 21:00 | Create | Villager (Male) |
| 21:00 | Create | Villager (Male) |
| 21:40 | Build | Mining Camp |
| 21:47 | Create | Villager (Male) |
| 21:47 | Create | Villager (Male) |
| 21:48 | Create | Villager (Male) |
| 21:48 | Create | Villager (Male) |
| 21:48 | Create | Villager (Male) |
| 21:53 | Build | Farm |
| 21:58 | Build | Farm |
| 22:04 | Build | Farm |
| 22:08 | Build | Farm |
| 22:14 | Build | Farm |
| 22:18 | Build | Farm |
| 22:20 | Create | Villager (Male) |
| 22:20 | Create | Villager (Male) |
| 22:22 | Create | Villager (Male) |
| 22:22 | Create | Villager (Male) |
| 22:22 | Create | Villager (Male) |
| 22:22 | Create | Villager (Male) |
| 22:22 | Create | Villager (Male) |
| 22:29 | Build | Farm |
| 22:33 | Build | Farm |
| 22:35 | Create | Villager (Male) |
| 22:35 | Create | Villager (Male) |
| 22:35 | Create | Villager (Male) |
| 22:45 | Build | Farm |
| 22:49 | Build | Farm |
| 22:55 | Build | Farm |
| 23:04 | Build | Farm |
| 23:09 | Build | Farm |
| 23:13 | Build | Farm |
| 23:15 | Create | Villager (Male) |
| 23:15 | Create | Villager (Male) |
| 23:15 | Create | Villager (Male) |
| 23:15 | Create | Villager (Male) |
| 23:16 | Create | Villager (Male) |
| 23:16 | Create | Villager (Male) |
| 23:16 | Create | Villager (Male) |
| 23:27 | Build | Farm |
| 23:34 | Build | Farm |
| 23:41 | Create | Villager (Male) |
| 23:42 | Create | Villager (Male) |
| 23:42 | Create | Villager (Male) |
| 23:42 | Create | Villager (Male) |
| 23:42 | Create | Villager (Male) |
Build order — kakashi
First 150 of 199 actions detected
| 0:05 | Create | Villager (Male) ×4 |
| 0:06 | Create | Villager (Male) ×4 |
| 0:11 | Build | House |
| 0:16 | Build | House |
| 1:52 | Create | Villager (Male) |
| 1:52 | Create | Villager (Male) |
| 2:27 | Create | Villager (Male) |
| 2:28 | Create | Villager (Male) |
| 2:28 | Create | Villager (Male) |
| 3:21 | Create | Villager (Male) |
| 3:21 | Create | Villager (Male) |
| 3:21 | Create | Villager (Male) |
| 4:04 | Build | House |
| 4:06 | Build | House |
| 4:14 | Create | Villager (Male) |
| 4:14 | Create | Villager (Male) |
| 4:14 | Create | Villager (Male) |
| 4:45 | Create | Villager (Male) |
| 4:45 | Create | Villager (Male) |
| 4:51 | Build | Lumber Camp |
| 6:06 | Create | Villager (Male) |
| 6:06 | Create | Villager (Male) |
| 6:48 | Build | Mining Camp |
| 7:13 | Create | Villager (Male) |
| 7:13 | Create | Villager (Male) |
| 7:43 | Build | Mill |
| 8:11 | Create | Villager (Male) |
| 8:11 | Create | Villager (Male) |
| 8:47 | Create | Villager (Male) |
| 8:50 | Build | House |
| 9:09 | Build | Mining Camp |
| 9:39 | Create | Villager (Male) |
| 9:39 | Create | Villager (Male) |
| 10:34 | Create | Villager (Male) |
| 11:13 | Research | Feudal Age |
| 11:31 | Build | Mill |
| 11:38 | Build | House |
| 12:12 | Build | Barracks |
| 13:18 | Create | Villager (Male) |
| 13:19 | Create | Villager (Male) |
| 13:23 | Age | Feudal Age |
| 13:55 | Create | Villager (Male) |
| 13:56 | Create | Villager (Male) |
| 14:30 | Build | Lumber Camp |
| 14:42 | Create | Villager (Male) |
| 14:42 | Create | Villager (Male) |
| 14:46 | Build | House |
| 15:10 | Build | Farm |
| 15:43 | Build | Stone Wall |
| 15:50 | Build | Gate |
| 15:59 | Build | Farm |
| 16:01 | Create | Villager (Male) |
| 16:01 | Create | Villager (Male) |
| 16:14 | Research | Double-Bit Axe |
| 16:31 | Build | Farm |
| 16:51 | Build | Blacksmith |
| 16:57 | Create | Villager (Male) |
| 16:58 | Create | Villager (Male) |
| 17:03 | Build | Farm |
| 17:44 | Build | Farm |
| 17:52 | Build | Farm |
| 17:55 | Create | Villager (Male) |
| 17:55 | Create | Villager (Male) |
| 18:24 | Build | Market |
| 19:04 | Create | Villager (Male) |
| 19:05 | Create | Villager (Male) |
| 19:07 | Research | Castle Age |
| 19:15 | Create | Spearman |
| 19:16 | Create | Spearman |
| 19:16 | Create | Spearman |
| 19:59 | Build | Farm |
| 20:01 | Build | Farm |
| 20:02 | Build | Farm |
| 20:07 | Build | House |
| 20:08 | Build | House |
| 20:09 | Build | House |
| 20:21 | Build | Farm |
| 20:43 | Build | Farm |
| 20:44 | Build | Farm |
| 21:18 | Build | House |
| 21:20 | Build | House |
| 21:21 | Build | House |
| 21:48 | Age | Castle Age |
| 22:01 | Build | Castle |
| 22:15 | Create | Villager (Male) |
| 22:15 | Create | Villager (Male) |
| 22:16 | Create | Villager (Male) |
| 22:25 | Build | Town Center |
| 23:02 | Research | Horse Collar |
| 23:05 | Research | Bow Saw |
| 23:09 | Research | Stone Mining |
| 23:10 | Research | Gold Mining |
| 23:24 | Build | Farm |
| 23:41 | Build | House |
| 23:43 | Build | House |
| 23:44 | Build | House |
| 23:45 | Build | House |
| 23:46 | Build | House |
| 23:47 | Build | House |
| 23:55 | Research | Wheelbarrow |
| 23:55 | Create | Villager (Male) |
| 23:55 | Create | Villager (Male) |
| 23:56 | Create | Villager (Male) |
| 24:00 | Build | Farm |
| 24:05 | Create | Villager (Male) |
| 24:05 | Create | Villager (Male) |
| 24:09 | Research | Heavy Plow |
| 24:48 | Build | Farm |
| 25:06 | Build | Farm |
| 25:33 | Create | Villager (Male) |
| 25:34 | Create | Villager (Male) |
| 25:59 | Build | Farm |
| 26:05 | Build | Farm |
| 26:12 | Build | Farm |
| 26:19 | Research | Imperial Age |
| 26:22 | Create | Villager (Male) |
| 26:22 | Create | Villager (Male) |
| 26:36 | Create | Conquistador |
| 26:36 | Create | Conquistador |
| 26:36 | Create | Conquistador |
| 26:41 | Create | Spearman |
| 26:57 | Build | Mining Camp |
| 27:07 | Build | Farm |
| 27:44 | Research | Hand Cart |
| 27:46 | Create | Villager (Male) |
| 27:46 | Create | Villager (Male) |
| 27:55 | Create | Conquistador |
| 27:56 | Create | Conquistador |
| 27:56 | Create | Conquistador |
| 27:56 | Create | Conquistador |
| 28:01 | Create | Spearman |
| 28:01 | Create | Spearman |
| 28:31 | Create | Villager (Male) |
| 28:31 | Create | Villager (Male) |
| 29:14 | Create | Villager (Male) |
| 29:28 | Build | Town Center |
| 29:29 | Age | Imperial Age |
| 29:34 | Create | Villager (Male) |
| 29:35 | Create | Villager (Male) |
| 29:35 | Create | Villager (Male) |
| 29:36 | Create | Villager (Male) |
| 29:48 | Create | Trebuchet (Packed) |
| 29:48 | Create | Trebuchet (Packed) |
| 29:50 | Create | Conquistador |
| 29:51 | Create | Conquistador |
| 30:00 | Build | Barracks |
| 30:01 | Build | Barracks |
| 30:35 | Build | Farm |
| 30:37 | Build | Farm |
| 30:45 | Create | Villager (Male) |
Build order — yuanda_sun
First 150 of 169 actions detected
| 0:07 | Create | Villager (Male) |
| 0:08 | Create | Villager (Male) |
| 0:08 | Create | Villager (Male) |
| 0:08 | Create | Villager (Male) |
| 0:09 | Create | Villager (Male) |
| 1:40 | Create | Villager (Male) |
| 1:55 | Build | Mill |
| 2:04 | Create | Villager (Male) |
| 2:25 | Create | Villager (Male) |
| 2:54 | Create | Villager (Male) |
| 2:54 | Create | Villager (Male) |
| 3:18 | Create | Villager (Male) |
| 3:20 | Create | Villager (Male) |
| 4:02 | Create | Villager (Male) |
| 4:02 | Create | Villager (Male) |
| 4:13 | Create | Villager (Male) |
| 4:45 | Create | Villager (Male) |
| 4:47 | Create | Villager (Male) |
| 5:48 | Create | Villager (Male) |
| 5:49 | Create | Villager (Male) |
| 5:49 | Create | Villager (Male) |
| 5:49 | Create | Villager (Male) |
| 6:07 | Build | Lumber Camp |
| 6:12 | Create | Villager (Male) |
| 6:12 | Create | Villager (Male) |
| 7:42 | Create | Villager (Male) |
| 7:43 | Create | Villager (Male) |
| 7:44 | Create | Villager (Male) |
| 8:03 | Build | Farm |
| 8:04 | Build | Farm |
| 8:06 | Build | Farm |
| 8:53 | Build | Farm |
| 8:54 | Build | Farm |
| 9:47 | Research | Feudal Age |
| 10:28 | Create | Villager (Male) |
| 10:29 | Create | Villager (Male) |
| 12:18 | Age | Feudal Age |
| 12:22 | Research | Wheelbarrow |
| 12:24 | Research | Town Watch |
| 12:38 | Build | Stone Wall |
| 12:50 | Build | Gate |
| 13:05 | Build | Mining Camp |
| 13:47 | Research | Gold Mining |
| 13:48 | Research | Stone Mining |
| 13:56 | Create | Villager (Male) |
| 13:56 | Create | Villager (Male) |
| 13:56 | Create | Villager (Male) |
| 13:57 | Create | Villager (Male) |
| 13:57 | Create | Villager (Male) |
| 14:27 | Research | Double-Bit Axe |
| 14:29 | Research | Horse Collar |
| 14:59 | Build | Mining Camp |
| 15:27 | Create | Villager (Male) |
| 15:27 | Create | Villager (Male) |
| 15:43 | Build | Farm |
| 15:44 | Build | Farm |
| 15:46 | Build | Farm |
| 15:48 | Build | Farm |
| 15:50 | Build | Farm |
| 15:52 | Build | Farm |
| 16:18 | Build | Blacksmith |
| 16:23 | Build | Market |
| 16:26 | Build | Market |
| 17:23 | Research | Castle Age |
| 17:37 | Build | Farm |
| 17:39 | Build | Farm |
| 17:41 | Build | Farm |
| 17:50 | Build | Farm |
| 17:52 | Build | Farm |
| 18:39 | Build | Farm |
| 18:55 | Build | Farm |
| 19:54 | Create | Villager (Male) |
| 19:54 | Create | Villager (Male) |
| 19:54 | Create | Villager (Male) |
| 19:55 | Create | Villager (Male) |
| 20:23 | Age | Castle Age |
| 20:26 | Research | Heavy Plow |
| 20:31 | Research | Bow Saw |
| 20:42 | Build | Castle |
| 20:51 | Research | Hand Cart |
| 20:52 | Research | Town Patrol |
| 21:41 | Build | Town Center |
| 22:11 | Create | Villager (Male) |
| 22:11 | Create | Villager (Male) |
| 22:11 | Create | Villager (Male) |
| 22:12 | Create | Villager (Male) |
| 22:15 | Create | Villager (Male) |
| 22:40 | Build | Barracks |
| 22:58 | Research | Caravan |
| 23:18 | Build | Mining Camp |
| 23:36 | Create | Villager (Male) |
| 23:36 | Create | Villager (Male) |
| 23:36 | Create | Villager (Male) |
| 23:37 | Create | Villager (Male) |
| 23:38 | Create | Villager (Male) |
| 23:39 | Create | Villager (Male) |
| 23:48 | Create | Villager (Male) |
| 23:55 | Create | Villager (Male) |
| 23:55 | Create | Villager (Male) |
| 23:55 | Create | Villager (Male) |
| 24:12 | Create | Trade Cart ×2 |
| 24:34 | Create | Trade Cart ×3 |
| 24:45 | Research | Fletching |
| 24:48 | Research | Forging |
| 24:50 | Research | Scale Barding Armor |
| 25:16 | Create | Villager (Male) |
| 25:16 | Create | Villager (Male) |
| 25:17 | Create | Villager (Male) |
| 25:20 | Create | Villager (Male) |
| 25:20 | Create | Villager (Male) |
| 25:20 | Create | Villager (Male) |
| 25:36 | Create | Trade Cart ×5 |
| 25:57 | Build | Stable |
| 25:58 | Build | Stable |
| 26:24 | Research | Husbandry |
| 26:25 | Research | Bloodlines |
| 26:46 | Build | Farm |
| 26:48 | Build | Farm |
| 26:51 | Build | Farm |
| 26:52 | Build | Farm |
| 26:53 | Build | Farm |
| 26:55 | Build | Farm |
| 26:58 | Build | Farm |
| 27:02 | Create | Villager (Male) |
| 27:02 | Create | Villager (Male) |
| 27:03 | Create | Villager (Male) |
| 27:08 | Create | Villager (Male) |
| 27:08 | Create | Villager (Male) |
| 27:08 | Create | Villager (Male) |
| 27:16 | Research | Iron Casting |
| 27:25 | Research | Bodkin Arrow |
| 27:43 | Build | University |
| 28:05 | Build | Farm |
| 28:07 | Build | Farm |
| 28:09 | Build | Farm |
| 28:20 | Research | Masonry |
| 28:44 | Create | Villager (Male) |
| 28:44 | Create | Villager (Male) |
| 28:57 | Create | Villager (Male) |
| 28:57 | Create | Villager (Male) |
| 29:06 | Research | Chain Barding Armor |
| 29:19 | Create | Trade Cart ×5 |
| 29:34 | Build | Stable |
| 29:59 | Build | Farm |
| 30:01 | Build | Farm |
| 30:09 | Build | Farm |
| 30:12 | Research | Imperial Age |
| 30:24 | Build | Stable |
| 30:32 | Create | Villager (Male) |
| 30:32 | Create | Villager (Male) |
Build order — HungryStarLord
123 actions detected in the replay
| 0:10 | Build | House |
| 0:13 | Build | House |
| 0:24 | Build | House |
| 0:50 | Create | Villager (Male) ×4 |
| 1:53 | Create | Villager (Male) |
| 2:14 | Build | House |
| 2:15 | Build | House |
| 2:39 | Create | Villager (Male) |
| 3:03 | Create | Villager (Male) |
| 3:43 | Create | Villager (Male) |
| 4:35 | Create | Villager (Male) ×2 |
| 5:16 | Build | Palisade Wall |
| 5:26 | Create | Villager (Male) ×2 |
| 5:50 | Create | Villager (Male) |
| 6:24 | Build | Mill |
| 6:31 | Create | Villager (Male) ×2 |
| 7:18 | Build | Lumber Camp |
| 8:07 | Research | Loom |
| 9:17 | Create | Villager (Male) ×5 |
| 9:54 | Build | Palisade Gate |
| 10:31 | Build | Mining Camp |
| 11:37 | Research | Feudal Age |
| 12:01 | Build | Barracks |
| 13:05 | Create | Villager (Male) ×5 |
| 13:05 | Create | Villager (Male) ×5 |
| 13:34 | Build | Lumber Camp |
| 13:47 | Age | Feudal Age |
| 13:52 | Build | House |
| 13:59 | Build | House |
| 14:04 | Build | House |
| 14:06 | Build | House |
| 14:30 | Build | Watch Tower |
| 14:41 | Research | Double-Bit Axe |
| 14:48 | Research | Gold Mining |
| 15:10 | Build | Market |
| 15:26 | Create | Villager (Male) ×4 |
| 16:16 | Build | Mining Camp |
| 16:35 | Create | Villager (Male) ×4 |
| 16:43 | Build | Farm |
| 16:44 | Build | Farm |
| 16:45 | Build | Farm |
| 16:46 | Build | Farm |
| 16:47 | Build | Farm |
| 16:48 | Build | Farm |
| 16:48 | Build | Farm |
| 16:50 | Build | Farm |
| 16:51 | Build | Farm |
| 18:07 | Research | Horse Collar |
| 18:33 | Build | Stone Wall |
| 18:40 | Create | Villager (Male) ×3 |
| 18:49 | Build | Farm |
| 18:51 | Build | Farm |
| 18:52 | Build | Farm |
| 18:55 | Build | Farm |
| 18:57 | Build | Farm |
| 19:33 | Build | Archery Range |
| 19:57 | Create | Villager (Male) ×4 |
| 20:14 | Build | Farm |
| 20:16 | Build | Farm |
| 20:17 | Build | Farm |
| 20:21 | Build | Farm |
| 20:22 | Build | Farm |
| 20:23 | Build | Farm |
| 20:47 | Build | Stone Wall |
| 22:57 | Build | Stone Wall |
| 23:10 | Research | Castle Age |
| 23:35 | Create | Spearman ×5 |
| 23:35 | Create | Spearman ×5 |
| 23:35 | Create | Spearman ×4 |
| 23:46 | Build | House |
| 23:48 | Build | House |
| 23:51 | Build | House |
| 24:00 | Build | House |
| 24:49 | Create | Spearman ×5 |
| 25:18 | Build | Stone Wall |
| 25:45 | Build | Gate |
| 25:50 | Age | Castle Age |
| 25:50 | Build | Gate |
| 25:55 | Build | Gate |
| 26:19 | Create | Villager (Male) ×5 |
| 26:19 | Create | Villager (Male) ×5 |
| 26:19 | Create | Villager (Male) ×5 |
| 26:19 | Create | Villager (Male) ×5 |
| 27:16 | Research | Stone Mining |
| 28:16 | Build | Gate |
| 28:21 | Build | Gate |
| 28:29 | Build | House |
| 28:33 | Build | House |
| 28:38 | Build | House |
| 28:41 | Build | House |
| 28:43 | Build | House |
| 28:44 | Build | House |
| 28:45 | Build | House |
| 29:32 | Build | House |
| 29:36 | Build | House |
| 29:40 | Build | House |
| 29:43 | Build | House |
| 29:47 | Build | House |
| 30:08 | Research | Pikeman (upgrade) |
| 30:09 | Create | Spearman ×5 |
| 30:09 | Create | Spearman ×5 |
| 30:09 | Create | Spearman ×3 |
| 30:50 | Build | Blacksmith |
| 31:05 | Build | University |
| 31:31 | Build | Lumber Camp |
| 31:39 | Build | Farm |
| 31:40 | Build | Farm |
| 31:42 | Build | Farm |
| 31:43 | Build | Farm |
| 31:44 | Build | Farm |
| 31:59 | Build | Siege Workshop |
| 32:08 | Build | Farm |
| 32:25 | Build | Town Center |
| 32:57 | Research | Fortified Wall (upgrade) |
| 33:09 | Research | Ballistics |
| 33:22 | Research | Scale Mail Armor |
| 33:30 | Research | Padded Archer Armor |
| 33:38 | Build | Farm |
| 33:43 | Research | Town Watch |
| 34:39 | Build | Castle |
| 35:12 | Create | Villager (Male) ×5 |
| 35:43 | Research | Imperial Age |
| 36:01 | Research | Squires |
Build order — Mikail the terrible
First 150 of 330 actions detected
| 0:01 | Create | Villager (Male) |
| 0:02 | Create | Villager (Male) |
| 0:03 | Build | House |
| 0:06 | Build | House |
| 0:07 | Create | Villager (Male) |
| 0:21 | Create | Villager (Male) |
| 1:26 | Create | Villager (Male) |
| 1:26 | Create | Villager (Male) |
| 1:51 | Build | House |
| 2:10 | Create | Villager (Male) |
| 2:10 | Create | Villager (Male) |
| 2:10 | Create | Villager (Male) |
| 2:31 | Create | Villager (Male) |
| 2:32 | Create | Villager (Male) |
| 2:32 | Create | Villager (Male) |
| 2:51 | Build | House |
| 2:56 | Build | House |
| 3:08 | Create | Villager (Male) |
| 3:08 | Create | Villager (Male) |
| 3:08 | Create | Villager (Male) |
| 3:22 | Create | Villager (Male) |
| 3:22 | Create | Villager (Male) |
| 3:36 | Build | Palisade Gate |
| 3:43 | Build | Palisade Wall |
| 4:08 | Create | Villager (Male) |
| 4:09 | Create | Villager (Male) |
| 4:09 | Create | Villager (Male) |
| 5:06 | Create | Villager (Male) |
| 5:06 | Create | Villager (Male) |
| 5:06 | Create | Villager (Male) |
| 5:27 | Build | Mill |
| 5:29 | Create | Villager (Male) |
| 5:30 | Create | Villager (Male) |
| 5:30 | Create | Villager (Male) |
| 6:35 | Create | Villager (Male) |
| 7:37 | Create | Villager (Male) |
| 7:43 | Build | Lumber Camp |
| 8:10 | Research | Feudal Age |
| 8:10 | Research | Feudal Age |
| 8:39 | Create | Villager (Male) |
| 8:39 | Create | Villager (Male) |
| 10:20 | Age | Feudal Age |
| 10:23 | Research | Horse Collar |
| 10:24 | Research | Double-Bit Axe |
| 10:31 | Build | Blacksmith |
| 10:39 | Create | Villager (Male) |
| 10:44 | Build | Farm |
| 10:45 | Build | Farm |
| 10:45 | Build | Farm |
| 10:45 | Build | Farm |
| 10:45 | Build | Farm |
| 10:46 | Build | Farm |
| 10:46 | Build | Farm |
| 10:46 | Build | Farm |
| 11:08 | Create | Villager (Male) |
| 11:10 | Build | Farm |
| 11:10 | Build | Farm |
| 11:11 | Build | Farm |
| 11:11 | Build | Farm |
| 11:11 | Build | Farm |
| 11:11 | Build | Farm |
| 11:13 | Build | Farm |
| 11:32 | Build | Farm |
| 11:43 | Build | Farm |
| 11:45 | Create | Villager (Male) |
| 11:46 | Create | Villager (Male) |
| 12:03 | Build | Farm |
| 12:17 | Build | Mining Camp |
| 12:28 | Create | Villager (Male) |
| 12:28 | Create | Villager (Male) |
| 12:29 | Create | Villager (Male) |
| 12:29 | Create | Villager (Male) |
| 12:29 | Create | Villager (Male) |
| 12:39 | Build | House |
| 12:51 | Build | House |
| 12:53 | Build | House |
| 12:57 | Build | House |
| 13:00 | Create | Villager (Male) |
| 13:19 | Build | Farm |
| 13:19 | Build | Farm |
| 13:19 | Build | Farm |
| 13:19 | Build | Farm |
| 13:20 | Build | Farm |
| 13:20 | Build | Farm |
| 13:20 | Build | Farm |
| 13:21 | Build | Farm |
| 13:21 | Build | Farm |
| 13:21 | Build | Farm |
| 13:21 | Build | Farm |
| 13:22 | Build | Farm |
| 13:22 | Build | Farm |
| 13:37 | Build | Farm |
| 14:17 | Build | Market |
| 14:33 | Build | House |
| 14:35 | Build | House |
| 14:36 | Build | House |
| 14:37 | Build | House |
| 14:39 | Build | House |
| 14:41 | Build | House |
| 14:42 | Build | House |
| 14:42 | Build | House |
| 15:08 | Build | Farm |
| 15:12 | Build | Farm |
| 15:13 | Build | Farm |
| 15:13 | Build | Farm |
| 15:14 | Build | Farm |
| 15:17 | Create | Villager (Male) |
| 15:34 | Create | Villager (Male) |
| 15:55 | Build | Mining Camp |
| 15:59 | Research | Castle Age |
| 16:19 | Build | Farm |
| 16:26 | Build | Farm |
| 16:31 | Build | Farm |
| 16:37 | Create | Villager (Male) |
| 16:44 | Research | Wheelbarrow |
| 16:59 | Research | Gold Mining |
| 17:02 | Research | Stone Mining |
| 17:03 | Research | Stone Mining |
| 17:20 | Research | Wheelbarrow |
| 17:20 | Research | Wheelbarrow |
| 18:45 | Build | Barracks |
| 18:50 | Age | Castle Age |
| 18:55 | Build | Town Center |
| 18:59 | Create | Villager (Male) |
| 18:59 | Create | Villager (Male) |
| 19:22 | Create | Spearman |
| 19:26 | Create | Villager (Male) |
| 19:26 | Create | Villager (Male) |
| 19:42 | Research | Bow Saw |
| 19:48 | Research | Heavy Plow |
| 19:51 | Create | Villager (Male) |
| 20:00 | Create | Villager (Male) |
| 20:20 | Create | Villager (Male) |
| 20:20 | Create | Villager (Male) |
| 20:20 | Create | Villager (Male) |
| 20:21 | Create | Villager (Male) |
| 20:44 | Create | Villager (Male) |
| 20:48 | Research | Hand Cart |
| 20:58 | Build | Farm |
| 20:58 | Build | Farm |
| 20:59 | Build | Farm |
| 20:59 | Build | Farm |
| 20:59 | Build | Farm |
| 20:59 | Build | Farm |
| 21:00 | Build | Farm |
| 21:00 | Build | Farm |
| 21:00 | Build | Farm |
| 21:01 | Build | Farm |
| 21:01 | Build | Farm |
| 21:01 | Build | Farm |
Match timeline
| 3:43 | Mikail the terrible · wall_segment Palisade Wall x1 |
| 4:39 | zw701 · wall_segment Palisade Wall x1 |
| 5:16 | HungryStarLord · wall_segment Palisade Wall x14 |
| 5:38 | ExxTACSY · wall_segment Palisade Wall x4 |
| 9:35 | iqHackSaw · age_up feudal |
| 10:06 | iqHackSaw · first_building Barracks |
| 10:20 | Mikail the terrible · age_up feudal |
| 10:49 | Lukrat · first_building Barracks |
| 12:01 | HungryStarLord · first_building Barracks |
| 12:12 | kakashi · first_building Barracks |
| 12:18 | yuanda_sun · age_up feudal |
| 12:38 | yuanda_sun · wall_segment Stone Wall x14 |
| 12:38 | ExxTACSY · age_up feudal |
| 12:43 | Lukrat · age_up feudal |
| 12:52 | zw701 · age_up feudal |
| 13:23 | kakashi · age_up feudal |
| 13:30 | Lukrat · first_building Archery Range |
| 13:32 | zw701 · first_building Barracks |
| 13:47 | HungryStarLord · age_up feudal |
| 14:25 | iqHackSaw · first_building Stable |
| 14:34 | ExxTACSY · wall_segment Stone Wall x14 |
| 15:43 | kakashi · wall_segment Stone Wall x14 |
| 15:59 | zw701 · first_building Stable |
| 16:08 | ExxTACSY · age_up castle |
| 16:13 | Lukrat · first_building Stable |
| 16:52 | iqHackSaw · first_building Archery Range |
| 18:09 | Lukrat · wall_segment Stone Wall x12 |
| 18:33 | HungryStarLord · wall_segment Stone Wall x12 |
| 18:36 | ExxTACSY · wall_segment Stone Wall x1 |
| 18:45 | Mikail the terrible · first_building Barracks |
| 18:50 | Mikail the terrible · age_up castle |
| 19:33 | HungryStarLord · first_building Archery Range |
| 19:40 | Mikail the terrible · first_market_buy 100 wood |
| 19:41 | ExxTACSY · first_building Castle |
| 20:20 | zw701 · age_up castle |
| 20:23 | yuanda_sun · age_up castle |
| 20:42 | yuanda_sun · first_building Castle |
| 20:42 | zw701 · first_building Castle |
| 20:47 | HungryStarLord · wall_segment Stone Wall x21 |
| 21:03 | zw701 · first_building Monastery |
| 21:27 | Mikail the terrible · wall_segment Stone Wall x15 |
| 21:40 | iqHackSaw · age_up castle |
| 21:48 | kakashi · age_up castle |
| 22:01 | kakashi · first_building Castle |
| 22:40 | yuanda_sun · first_building Barracks |
| 22:45 | iqHackSaw · first_building Monastery |
| 22:51 | Lukrat · age_up castle |
| 22:57 | HungryStarLord · wall_segment Stone Wall x17 |
| 23:40 | Lukrat · first_building Siege Workshop |
| 25:18 | HungryStarLord · wall_segment Stone Wall x12 |
| 25:50 | HungryStarLord · age_up castle |
| 25:57 | yuanda_sun · first_building Stable |
| 26:09 | Lukrat · first_building Monastery |
| 26:31 | Mikail the terrible · first_building Siege Workshop |
| 27:03 | zw701 · first_market_sell 100 stone |
| 27:43 | zw701 · first_building Siege Workshop |
| 28:10 | Mikail the terrible · first_building Castle |
| 28:41 | ExxTACSY · first_market_sell 100 food |
| 29:06 | iqHackSaw · first_building Castle |
| 29:29 | kakashi · age_up imperial |
| 29:43 | Mikail the terrible · first_market_sell 500 wood |
| 30:17 | zw701 · age_up imperial |
| 30:50 | Mikail the terrible · age_up imperial |
| 31:59 | HungryStarLord · first_building Siege Workshop |
| 32:01 | ExxTACSY · age_up imperial |
| 32:56 | iqHackSaw · first_building Siege Workshop |
| 33:23 | Mikail the terrible · wall_segment Stone Wall x23 |
| 33:25 | Lukrat · age_up imperial |
| 33:28 | yuanda_sun · age_up imperial |
| 34:13 | yuanda_sun · first_market_buy 100 stone |
| 34:39 | HungryStarLord · first_building Castle |
| 34:58 | ExxTACSY · first_building Monastery |
| 35:38 | zw701 · resign |
| 35:42 | yuanda_sun · first_market_sell 500 food |
| 36:03 | Lukrat · first_building Castle |
[ AI ANALYSIS · 1 CREDIT ]
What really happened in this match?
Wolo.gg analyzes every decision: build order, eco, micro, common mistakes by bracket. Personalized analysis on WhatsApp or Discord in 30 seconds.
Civ guide
Poles
Map guide
Glade
Perfil
Lukrat